 Dungeon Crawl Stone Soup version 0.21.1-1-g345015fe64 (webtiles) character file.

20111 Emandoog the Blocker (level 12, -1/95 HPs)
             Began as a Minotaur Fighter on July 5, 2018.
             Was an Elder of Hepliaklqana.
             Slain by a 13-headed hydra (10 damage)
             ... on level 3 of the Swamp.
             The game lasted 00:58:10 (12713 turns).

Emandoog the Blocker (Minotaur Fighter)            Turns: 12713, Time: 00:58:11

Health: -1/95      AC: 20    Str: 31    XL:     12   Next: 42%
Magic:  11/11      EV:  8    Int:  5    God:    Hepliaklqana [****..]
Gold:   651        SH: 18    Dex: 15    Spells: 11/11 levels left

rFire    . . .     SeeInvis .   J - +8 hand axe of Kimobbed {venom, Dex+4}
rCold    . . .     Gourm    .   c - +0 shield
rNeg     . . .     Faith    .   d - +0 plate armour
rPois    .         Spirit   .   X - +0 hat
rElec    .         Reflect  +   r - +0 cloak
rCorr    .         Harm     .   D - +0 pair of gloves
MR       .....                  Z - +0 pair of boots
Stlth    ..........             i - +3 amulet of reflection
HPRegen  0.25/turn              g - +4 ring of slaying
MPRegen  0.12/turn              q - +6 ring of strength

@: no status effects
A: retaliatory headbutt, reduced essence, horns 2
a: Recall Ancestor, Ancestor Identity, Transference, Idealise, Renounce Religion


You were on level 3 of the Swamp.
You worshipped Hepliaklqana.
Hepliaklqana was greatly pleased with you.
You were not hungry.

You visited 3 branches of the dungeon, and saw 17 of its levels.
You also visited: Sewer.

You collected 707 gold pieces.
You spent 56 gold pieces at shops.

Inventory:

Hand Weapons
 a - a +0 long sword
 E - a +2 war axe of freezing
 J - the +8 hand axe of Kimobbed (weapon) {venom, Dex+4}
   (You found it on level 3 of the Lair of Beasts)

   It poisons the flesh of those it strikes.
   It affects your dexterity (+4).
 O - a +0 long sword
 T - a +0 long sword
Armour
 b - a +0 scale mail
 c - a +0 shield (worn)
 d - a +0 plate armour (worn)
 r - a +0 cloak (worn)
 D - a +0 pair of gloves (worn)
 I - +0 steam dragon scales
 V - a +1 robe of cold resistance
 X - a +0 hat (worn)
 Z - a +0 pair of boots (worn)
Magical Staves
 W - an uncursed staff of cold
Jewellery
 g - a +4 ring of slaying (left hand)
 i - a +3 amulet of reflection (around neck)
 k - an uncursed ring of magical power
 l - an uncursed amulet of faith
 n - a +2 ring of slaying
 q - a +6 ring of strength (right hand)
 s - a +3 ring of intelligence
 y - an uncursed ring of fire
 Y - an uncursed ring of magical power
Wands
 K - a wand of clouds (3)
 Q - a wand of acid (4)
 S - a wand of paralysis (31)
Scrolls
 e - 3 scrolls of fear
 h - a scroll of teleportation {unknown}
 m - a scroll of immolation {unknown}
 o - 4 scrolls of enchant weapon
 p - 6 scrolls of remove curse
 u - 3 scrolls of random uselessness
 z - a scroll of enchant armour {unknown}
 A - 2 scrolls of blinking
 F - a scroll of fog {unknown}
 H - 3 scrolls of identify
 L - a scroll of vulnerability {unknown}
 M - a scroll of noise {unknown}
 N - 2 scrolls of summoning {unknown}
 U - a scroll of magic mapping {unknown}
Potions
 j - a potion of degeneration {unknown}
 t - a potion of magic {unknown}
 v - 7 potions of agility
 w - a potion of heal wounds
 x - 5 potions of flight
 B - a potion of invisibility {unknown}
 C - a potion of lignification {unknown}
 P - 3 potions of curing
 R - a potion of haste {unknown}
Books
 G - a book of Air

   Spells                             Type                      Level
   a - Shock                          Conjuration/Air              1
   b - Swiftness                      Charms/Air                   2
   c - Static Discharge               Conjuration/Air              3
   d - Airstrike                      Air                          4
   e - Lightning Bolt                 Conjuration/Air              5
Comestibles
 f - 18 rations


   Skills:
 + Level 9.6 Fighting
 - Level 12.4 Long Blades
 * Level 5.4 Axes
 * Level 12.0 Armour
 - Level 1.0 Dodging
 - Level 2.0 Stealth
 + Level 14.3 Shields


You had 11 spell levels left.
You didn't know any spells.

Dungeon Overview and Level Annotations

Branches:
Dungeon (10/15)            Temple (0/1) D:7            Lair (4/6) D:9
  Swamp (3/4) Lair:3        Snake (0/4) Lair:3
    Orc: D:9-12

Altars:
Hepliaklqana
Okawaru
Trog
Yredelemnul
The Shining One

Shops:
D:7 ?

Annotations:
Lair:3 exclusion: oklob plant


Innate Abilities, Weirdness & Mutations

You reflexively headbutt those who attack you in melee.
You have a pair of horns on your head.
Your life essence is reduced to manifest your ancestor. (-10% HP)


Message History

The 12-headed hydra barely misses you. The 12-headed hydra closely misses you.
You block the 12-headed hydra's attack. The 12-headed hydra closely misses you.
You block the 12-headed hydra's attack. The 12-headed hydra barely misses you.
The 12-headed hydra bites you but does no damage. x2
The 12-headed hydra barely misses you. The 12-headed hydra bites you.
* * * LOW HITPOINT WARNING * * *
You block the 12-headed hydra's attack. The 12-headed hydra bites you.
* * * LOW HITPOINT WARNING * * *
Cuahtemoc gestures at the 12-headed hydra while chanting.
The 12-headed hydra resists with almost no effort.
You lop one of the 12-headed hydra's heads off!
The 11-headed hydra grows two more!
You slash the 13-headed hydra!
The 13-headed hydra is moderately wounded.
Cuahtemoc barely misses the 13-headed hydra.
You block the 13-headed hydra's attack. x2; The 13-headed hydra bites you!
* * * LOW HITPOINT WARNING * * *
The 13-headed hydra bites you.
* * * LOW HITPOINT WARNING * * *
The 13-headed hydra bites you!
You die...

.♣ .. ≈≈ .≈. ...
.♣♣♣♣♣♣ ≈≈. ....
.....♣♣ ≈≈≈.
....♣♣.....♣≈≈≈≈.
.....≈≈.≈..♣≈≈≈♣
...≈≈.?§≈≈..≈♣
≈....≈)@D†...♣
≈≈.≈§≈..R...≈♣
≈≈≈≈≈≈≈.♣♣♣♣..♣
≈≈≈.§≈≈.≈ ...≈
≈.♣♣♣♣♣..≈ .≈ .
♣≈≈≈. ♣.≈≈.♣
♣♣≈≈≈♣ ♣..♣


You could see the friendly Cuahtemoc the hexer and a 13-headed hydra.

Vanquished Creatures
  Gastronok (Lair:2)
  Fannar (Lair:2)
  A hydra (Lair:1)
  A two-headed ogre (D:7)
  The ghost of JOKERXD40 the Cleaver, a novice MiBe of Trog (D:8)
  A spriggan druid (Swamp:3)
  An oklob plant (Lair:1)
  4 elephants (Lair:3)
  The ghost of zuik the Digger, a novice OpEE (D:6)
  A black mamba (Lair:1)
  3 spiny frogs (Lair:2)
  A rime drake (Lair:2)
  A komodo dragon (Lair:2)
  2 hornets
  2 polar bears
  A tyrant leech (Swamp:3)
  A blink frog (Lair:3)
  2 hippogriffs (Lair:2)
  A shadow (Swamp:3)
  7 yaks
  A wyvern (D:9)
  A steam dragon (D:7)
  4 swamp worms (Lair:3)
  3 nagas (Lair:3)
  5 water moccasins
  3 porcupines
  3 ice beasts
  2 black bears
  2 orc warriors
  2 sky beasts
  A necrophage (D:8)
  An ogre (D:7)
  7 wolves
  2 centaurs (D:7)
  3 crocodiles
  A big kobold (Sewer)
  6 bullfrogs
  3 scorpions
  15 killer bees
  An electric eel (Lair:3)
  A jelly (D:8)
  2 crimson imps
  A centaur zombie (D:7)
  A bullfrog zombie (D:3)
  4 hounds
  5 orc priests
  An iron imp (D:5)
  5 orc wizards
  A centaur skeleton (D:4)
  2 iguanas (D:7)
  9 worker ants
  A hound zombie (D:6)
  A worker ant zombie (D:5)
  6 adders
  2 river rats (Sewer)
  A shadow imp (D:5)
  4 worms
  A dart slug (D:4)
  6 leopard geckos
  23 orcs
  A ball python (D:1)
  3 bats
  3 giant cockroaches
  2 goblins
  8 hobgoblins
  8 jackals
  8 kobolds
  2 quokkas
  6 frilled lizards
  A goblin skeleton (D:5)
  A goblin zombie (D:5)
  4 hobgoblin zombies (D:5)
  A kobold skeleton (D:5)
  2 kobold zombies (D:5)
  An orc zombie (D:5)
  8 rats
  A plant (Lair:3)
237 creatures vanquished.

Vanquished Creatures (collateral kills)
  A black mamba (Lair:1)
  An elephant (Lair:3)
  2 spriggans
  3 yaks
  2 nagas (Lair:3)
  2 swamp worms (Lair:3)
  2 water moccasins
  A swamp drake (Swamp:1)
  2 black bears
  2 wolves
  2 crocodiles
  A water moccasin skeleton (D:5)
  2 killer bees
  A howler monkey (D:6)
  An orc priest (D:5)
  7 orcs
  A giant cockroach (D:7)
33 creatures vanquished.

Vanquished Creatures (others)
  3 hexers
  2 ancestors (D:7)
  2 fungi (Lair:1)
7 creatures vanquished.

Grand Total: 277 creatures vanquished

Notes
Turn   | Place    | Note
-------+----------+-------------------------------------------
     0 | D:1      | Emandoog the Minotaur Fighter began the quest for the Orb.
     0 | D:1      | Reached XP level 1. HP: 19/19 MP: 0/0
    95 | D:1      | Reached XP level 2. HP: 16/27 MP: 1/1
   267 | D:1      | Reached skill level 4 in Shields
   781 | D:3      | Reached XP level 3. HP: 28/33 MP: 2/2
  1074 | D:3      | Reached XP level 4. HP: 40/40 MP: 3/3
  1091 | D:3      | Found a glowing drain.
  1107 | Sewer    | Entered a sewer
  1121 | Sewer    | Reached skill level 5 in Shields
  1194 | Sewer    | Noticed a big kobold
  1213 | Sewer    | Killed a big kobold
  1213 | Sewer    | Reached XP level 5. HP: 44/46 MP: 4/4
  1252 | Sewer    | Found a glowing silver altar of Zin.
  1636 | D:2      | Found a basalt altar of Yredelemnul.
  2399 | D:4      | Reached skill level 6 in Shields
  2399 | D:4      | Reached XP level 6. HP: 43/52 MP: 5/5
  2703 | D:5      | Entered Level 5 of the Dungeon
  2703 | D:5      | Noticed an ice beast
  2804 | D:4      | Reached skill level 5 in Armour
  3043 | D:4      | Reached skill level 5 in Long Blades
  3445 | D:4      | Reached skill level 7 in Shields
  3698 | D:5      | Killed an ice beast
  3698 | D:5      | Reached XP level 7. HP: 41/60 MP: 6/6
  3842 | D:5      | Found a glowing golden altar of the Shining One.
  3934 | D:5      | Reached skill level 8 in Shields
  3941 | D:5      | Found a hazy altar of Hepliaklqana.
  3945 | D:5      | Became a worshipper of Hepliaklqana the Forgotten
  4038 | D:5      | Reached skill level 1 in Dodging
  4115 | D:5      | Reached XP level 8. HP: 34/60 MP: 7/7
  4766 | D:6      | Reached skill level 5 in Fighting
  4794 | D:6      | Found an iron altar of Okawaru.
  4841 | D:6      | Noticed zuik's ghost (novice OpEE)
  4860 | D:6      | Killed zuik's ghost
  5244 | D:7      | Reached skill level 9 in Shields
  5359 | D:7      | Found Aluicant's Magic Scroll Shoppe.
  5363 | D:7      | Bought a scroll of identify for 28 gold pieces
  5363 | D:7      | Bought a scroll of identify for 28 gold pieces
  5371 | D:7      | Reached * piety under Hepliaklqana
  5632 | D:7      | Reached XP level 9. HP: 60/67 MP: 8/8
  5916 | D:7      | Found a staircase to the Ecumenical Temple.
  6086 | D:7      | Reached skill level 1 in Stealth
  6402 | D:7      | Reached skill level 10 in Shields
  6644 | D:7      | Found a bloodstained altar of Trog.
  6745 | D:8      | Reached ** piety under Hepliaklqana
  6749 | D:8      | Remembered your ancestor Cuahtemoc as a hexer
  6937 | D:8      | Noticed a two-headed ogre
  7239 | D:8      | Noticed JOKERXD40's ghost (novice MiBe)
  7255 | D:8      | Killed JOKERXD40's ghost
  7255 | D:8      | Reached skill level 10 in Long Blades
  7255 | D:8      | Reached skill level 11 in Shields
  7255 | D:8      | Reached XP level 10. HP: 68/75 MP: 9/9
  7413 | D:7      | Killed a two-headed ogre
  8254 | D:10     | Entered Level 10 of the Dungeon
  8288 | D:10     | Reached skill level 12 in Shields
  8401 | D:9      | Found a staircase to the Lair.
  8412 | Lair:1   | Entered Level 1 of the Lair of Beasts
  8421 | Lair:1   | Noticed a seven-headed hydra
  8656 | Lair:1   | Killed a 13-headed hydra
  8877 | Lair:1   | Reached XP level 11. HP: 83/83 MP: 10/10
  9051 | Lair:1   | Reached *** piety under Hepliaklqana
  9231 | Lair:1   | Noticed an oklob plant
 10075 | Lair:1   | Killed an oklob plant
 10075 | Lair:1   | Reached skill level 10 in Armour
 10125 | Lair:1   | Reached skill level 13 in Shields
 10404 | Lair:2   | Noticed Fannar
 10440 | Lair:2   | Killed Fannar
 10932 | Lair:2   | Reached **** piety under Hepliaklqana
 11131 | Lair:2   | Noticed Gastronok
 11153 | Lair:2   | Killed Gastronok
 11199 | Lair:2   | Reached XP level 12. HP: 88/93 MP: 11/11
 11627 | Lair:3   | Got a polished hand axe
 11634 | Lair:3   | Identified the +8 hand axe of Kimobbed {venom, Dex+4} (You found it on level 3 of the Lair of Beasts)
 11652 | Lair:3   | Reached skill level 14 in Shields
 11737 | Lair:4   | Noticed a catoblepas
 11737 | Lair:4   | Noticed a catoblepas
 11865 | Lair:3   | Reached skill level 1 in Axes
 12058 | Lair:3   | Found a staircase to the Snake Pit.
 12240 | Lair:3   | Found a staircase to the Swamp.
 12417 | Swamp:1  | Entered Level 1 of the Swamp
 12417 | Swamp:1  | Noticed an alligator
 12424 | Swamp:1  | Noticed an alligator
 12426 | Swamp:1  | Noticed an alligator
 12426 | Swamp:1  | Noticed an alligator
 12426 | Swamp:1  | Noticed a six-headed hydra
 12428 | Swamp:2  | Noticed a six-headed hydra
 12617 | Swamp:3  | Reached skill level 5 in Axes
 12707 | Swamp:3  | HP: 4/95 [tyrant leech (1)]
 12713 | Swamp:3  | Slain by a 13-headed hydra

Skill      XL: |  1  2  3  4  5  6  7  8  9 10 11 12 |
---------------+-------------------------------------+-----
Shields        | 4 5 6 7 8 9 11 12 13 14 | 14.3
Armour         | 4 5 6 7 8 9 11 12 | 12.0
Long Blades    | 3 4 5 6 8 10 11 12 | 12.4
Fighting       | 4 5 6 7 9 |  9.6
Dodging        | 1 |  1.0
Stealth        | 1 2 |  2.0
Axes           | 5 |  5.4

Action                   |  1- 3 |  4- 6 |  7- 9 | 10-12 || total
-------------------------+-------+-------+-------+-------++-------
Melee: Long sword        |    72 |   134 |   248 |   227 ||   681
       Headbutt          |    10 |    31 |    56 |    98 ||   195
       Hand axe          |       |       |       |    74 ||    74
Invok: Ancestor Identity |       |       |     1 |       ||     1
       Ancestor Life: He |       |       |     1 |       ||     1
       Recall Ancestor   |       |       |       |     7 ||     7
  Use: Scroll            |       |     5 |     3 |     8 ||    16
       Potion            |       |       |     1 |    11 ||    12
 Stab: Distracted        |       |       |     3 |     6 ||     9
       Confused          |       |       |       |     5 ||     5
  Eat: Ration            |     1 |     2 |     3 |     5 ||    11
       Chunk             |       |       |     2 |       ||     2
Armor: Scale mail        |    16 |       |       |       ||    16
       Chain mail        |    34 |    71 |   105 |     1 ||   211
       Plate armour      |       |       |       |   210 ||   210
Dodge: Dodged            |    19 |    33 |    70 |   112 ||   234
Block: Shield            |    49 |    95 |   142 |   288 ||   574
       Reflection        |       |       |       |     3 ||     3
       Rpst.: Long sword |     7 |    11 |    21 |    15 ||    54
